 Dungeon Crawl Stone Soup version 0.15-a0-809-g8e1b895 (webtiles) character file.

90 4tharraofdagon the Changer (level 4, -7/25 HPs)
             Began as a Kobold Transmuter on May 14, 2014.
             Mangled by an orc
             ... wielding a +0,+1 flail
              (12 damage)
             ... on Level 3 of the Dungeon.
             The game lasted 00:03:43 (805 turns).

4tharraofdagon the Changer (Kobold Transmuter)       Turns: 805, Time: 00:03:43

HP  -7/25        AC  2     Str  9      XL: 4   Next: 85%
MP   5/7         EV 15     Int 11      God:
Gold 32          SH  0     Dex 16      Spells:  2 memorised,  3 levels left

rFire  . . .     SeeInvis .       - Unarmed
rCold  . . .     Clarity  .     c - +0 robe
rNeg   . . .     Conserve .     (no shield)
rPois  .         rCorr    .     (no helmet)
rElec  .         rRot     .     (no cloak)
SustAb . .       Spirit   .     (no gloves)
rMut   .         Warding  .     (no boots)
Gourm  .         Stasis   .     (no amulet)
MR     .....                    (no ring)
                                (no ring)

@: not resistant to hostile enchantments, very unstealthy
A: disease resistance, carnivore 3
a: no special abilities


You were on level 3 of the Dungeon.
You were full.

You visited 1 branch of the dungeon, and saw 3 of its levels.

You collected 32 gold pieces.

Inventory:

Missiles
 b - 12 arrows
Armour
 c - a +0 robe (worn)
Comestibles
 a - a meat ration
Scrolls
 e - a scroll of amnesia {unknown}
 f - 2 scrolls of identify {unknown}
 g - a scroll of remove curse {unknown}
 h - a scroll of enchant weapon II {unknown}
 i - a scroll of enchant armour {unknown}
 j - a scroll of recharging {unknown}
Potions
 k - a potion of degeneration {unknown}
Books
 d - a book of Changes

   Spells                             Type                      Level
   *Beastly Appendage                 Transmutation                1
   Sticks to Snakes                   Transmutation                2
   *Spider Form                       Transmutation/Poison         3
   Ice Form                           Ice/Transmutation            4
   Blade Hands                        Transmutation                5


   Skills:
 + Level 1.3 Fighting
 + Level 2.8 Dodging
 * Level 3.2 Unarmed Combat
 + Level 2.1 Spellcasting
 + Level 3.6 Transmutations


You had 3 spell levels left.
You knew the following spells:

 Your Spells              Type           Power        Failure   Level  Hunger
a - Beastly Appendage     Trmt           #.....       10%         1    ##.....
b - Spider Form           Trmt/Pois      #.........   47%         3    ####...


Dungeon Overview and Level Annotations

Branches:
Dungeon (3/15)

Altars:
Vehumet


Innate Abilities, Weirdness & Mutations

You recuperate from illness quickly.
You are small and have problems with some larger weapons.
You are carnivorous and can eat meat at any time.


Message History

Unknown command.
Unknown command.
Unknown command.
Unknown command.
You barely miss the orc.
The orc is almost dead.
The orc completely misses you.
Unknown command.
Unknown command.
You hit the orc.
You kill the orc!
The orc completely misses you. x2
Unknown command.
Unknown command.
Unknown command.
You barely miss the orc.
Your transformation has ended.
Your +0 robe unmelds from your body.
The orc misses you. The orc hits you with a flail!
You die...

#.......
#.# ####
##$..##
##.....##
#)..)...#.
#@o._.....#
#.o.....#.
##.....##
##...##
####


You could see 2 orcs.

Vanquished Creatures
  An orc wizard (D:3)
  3 adders
  A giant mite (D:2)
  A giant gecko (D:3)
  An orc (D:3)
  5 bats
  2 giant cockroaches
  2 hobgoblins
  A quokka (D:2)
  A giant newt (D:1)
  3 goblins
  6 kobolds
  5 rats
32 creatures vanquished.

Notes
Turn   | Place    | Note
--------------------------------------------------------------
     0 | D:1      | 4tharraofdagon, the Kobold Transmuter, began the quest for the Orb.
     0 | D:1      | Reached XP level 1. HP: 12/12 MP: 3/3
   117 | D:2      | Reached XP level 2. HP: 13/16 MP: 2/4
   230 | D:2      | Reached XP level 3. HP: 15/20 MP: 4/6
   244 | D:2      | Learned a level 3 spell: Spider Form
   543 | D:2      | Reached XP level 4. HP: 18/25 MP: 5/7
   792 | D:3      | Found a radiant altar of Vehumet.
   805 | D:3      | Mangled by an orc

Action                   |  1- 3 |  4- 6 || total
-------------------------+-------+-------++-------
Melee: Unarmed           |    42 |    49 ||    91
 Cast: Beastly Appendage |     7 |     2 ||     9
       Spider Form       |     2 |     1 ||     3

Vault maps used:
D:1:      minmay_arrival_checkered_box
D:2:      serial_forest, infiniplex_forest_end_3, infiniplex_forest_end_3,
          infiniplex_forest_end_3, infiniplex_forest_pool,
          infiniplex_forest_straight_4, infiniplex_forest_zigzag_2,
          infiniplex_forest_corner_1, infiniplex_forest_clump_small
D:3:      amethyst_overflow_temple_binary, lemuel_round_altar,
          nicolae_gozag_zags_fifth_avenue
